 Dungeon Crawl Stone Soup version 0.28.0-53-g5a82cb258f (webtiles) character file.

Game seed: 8868259393281681791

111 styxcanada the Covert (level 4, -2/23 HPs)
             Began as a Spriggan Brigand on Aug 17, 2022.
             Killed from afar by an orc wizard (7 damage)
             ... with a magic dart
             ... on level 3 of the Dungeon.
             The game lasted 00:06:23 (2018 turns).

styxcanada the Covert (Spriggan Brigand)            Turns: 2018, Time: 00:06:23

Health: -2/23      AC:  3    Str:  7    XL:     4   Next: 62%
Magic:  5/5        EV: 17    Int: 18    God:
Gold:   109        SH:  0    Dex: 18    Spells: 3/3 levels left

rFire   . . .      SeeInvis +   a - +2 dagger
rCold   . . .      Faith    .   (no shield)
rNeg    . . .      Spirit   .   b - +0 robe
rPois   .          Reflect  .   (helmet restricted)
rElec   .          Harm     .   c - +0 cloak
rCorr   .          Rampage  .   (gloves unavailable)
Will    .....                   (boots unavailable)
Stlth   ++++......              (no amulet)
HPRegen 0.07/turn               r - +6 ring of intelligence
MPRegen 0.09/turn               (no ring)

@: very quick
A: very small, no large weapons, unfitting armour, see invisible, speed 3
a: no special abilities


You were on level 3 of the Dungeon.
You visited 1 branch of the dungeon, and saw 3 of its levels.

You collected 109 gold pieces.

Inventory:

Hand Weapons
 a - a +2 dagger (weapon)
 i - a +0 hunting sling
 o - a +0 hunting sling
Missiles
 d - 8 poisoned darts (quivered)
 e - 2 curare-tipped darts
 f - 79 stones
 p - 8 sling bullets
Armour
 b - a +0 robe (worn)
 c - a +0 cloak (worn)
Magical Staves
 j - a staff of fire
Jewellery
 r - a +6 ring of intelligence (left hand)
Scrolls
 h - a scroll of fog {unknown}
 k - a scroll of identify {unknown}
 l - a scroll of noise {unknown}
 q - 2 scrolls of teleportation {unknown}
 t - a scroll of enchant armour {unknown}
Potions
 g - a potion of heal wounds {unknown}
 m - a potion of lignification {unknown}
 n - a potion of curing {unknown}
 s - 2 potions of cancellation {unknown}


   Skills:
 * Level 1.9 Fighting
 + Level 2.9 Short Blades
 + Level 2.2 Throwing
 * Level 2.2 Dodging
 * Level 8.0 Stealth


You had 3 spell levels left.
You didn't know any spells.
Your spell library was empty.

Dungeon Overview and Level Annotations

Branches:
Dungeon (3/15)

Altars:


Innate Abilities, Weirdness & Mutations

You are very small and have problems with some larger weapons.
You are too small for most types of armour.
You have supernaturally acute eyesight. (SInv)
You cover ground extremely quickly. (Speed+++)


Message History

The orc barely misses you.
You hit the orc but do no damage.
The orc is almost dead.
The orc hits you but does no damage.
You hit the orc but do no damage.
The orc is almost dead.
The orc hits you but does no damage.
You barely miss the orc. You punch the orc, but do no damage.
The orc is almost dead.
The orc hits you with a +0 club.
Throw: 12 darts (poison)
Press: ? - help, Q - select action, (/) - cycle Shift-Dir - straight line, f/p - orc wizard
Aim: an orc wizard, wielding a +0 dagger and wearing a +0 robe (lightly wounded, slightly transparent, 55% to hit)
You throw a poisoned dart. The poisoned dart hits the orc.
The orc is poisoned.
The orc is almost dead.
You kill the orc!
Throw: 11 darts (poison)
Press: ? - help, Q - select action, (/) - cycle Shift-Dir - straight line, f/p - orc wizard
Aim: an orc wizard, wielding a +0 dagger and wearing a +0 robe (lightly wounded, slightly transparent, 55% to hit)
You throw a poisoned dart.
The poisoned dart misses the orc wizard.
The poisoned dart closely misses the orc.
Throw: 10 darts (poison)
Press: ? - help, Q - select action, (/) - cycle Shift-Dir - straight line, f/p - orc wizard
Aim: an orc wizard, wielding a +0 dagger and wearing a +0 robe (lightly wounded, slightly transparent, 55% to hit)
You throw a poisoned dart. The poisoned dart hits the orc wizard.
The orc wizard is poisoned.
The orc wizard is lightly wounded.
The orc wizard points at you and mumbles some strange words.
The puff of flame hits you.
* * * LOW HITPOINT WARNING * * *
Throw: 9 darts (poison)
Press: ? - help, Q - select action, (/) - cycle Shift-Dir - straight line, f/p - orc wizard
Aim: an orc wizard, wielding a +0 dagger and wearing a +0 robe (moderately wounded, slightly transparent, poisoned, 55% to hit)
You throw a poisoned dart. The poisoned dart hits the orc wizard.
The orc wizard looks even sicker.
The orc wizard is moderately wounded.
The orc wizard points at you and mumbles some strange words.
The magic dart hits you!
You die...

#<# #.# #.# ### #.# ### ..#
#)###.# ### #.# #.....# #.. #.#
#####.# #..
#.#######################.#####..
................@....oo((.).w(w(.
...#######.###########'##.#####..
#..# #.# #.'.....#..# #.. ...#
#.# #.#.###.#..# ... ...# #.#
#.#.# #.#.## ### ...# #####.#
#.#.###.#.# ...#
#.....#####.#.....+.####+## ##.#
#.........+.#'#####........ ...#
#......####................


You could see an orc wizard (invisible, very poisoned) and an orc.

Vanquished Creatures
  A centaur skeleton (D:3)
  An orc wizard (D:3)
  An adder (D:3)
  2 dart slugs
  5 orcs (D:3)
  3 endoplasms
  3 giant cockroaches
  4 goblins
  4 hobgoblins
  A kobold (D:2)
  A quokka (D:1)
  4 ball pythons
  2 bats
  3 frilled lizards
  4 rats
39 creatures vanquished.

Vanquished Creatures (others)
  A plant (D:2)
1 creature vanquished.

Grand Total: 40 creatures vanquished

Notes
Turn   | Place    | Note
-------+----------+-------------------------------------------
     0 | D:1      | styxcanada the Spriggan Brigand began the quest for the
                  | Orb.
     0 | D:1      | Reached XP level 1. HP: 10/10 MP: 2/2
   123 | D:1      | Reached skill level 6 in Stealth
   437 | D:1      | Reached XP level 2. HP: 14/14 MP: 3/3
  1369 | D:2      | Reached XP level 3. HP: 18/18 MP: 4/4
  1588 | D:3      | Reached skill level 7 in Stealth
  1694 | D:3      | Reached XP level 4. HP: 23/23 MP: 5/5
  1737 | D:3      | Reached skill level 8 in Stealth
  2018 | D:3      | Killed from afar by an orc wizard

Illustrated notes

Levels and vault maps discovered:
D:1:      minmay_arrival_semitransparent, layout_basic
D:2:      layout_loops_cross, serial_bayou_pond_e
D:3:      layout_basic, minmay_misc_feat_encased

Skill      XL: |  1  2  3  4 |
---------------+-------------+-----
Stealth        | 6 7 8 |  8.0
Dodging        | 2 |  2.2
Fighting       | |  1.9
Short Blades   | |  2.9
Throwing       | |  2.2

Action                   |  1- 3 |  4- 6 || total
-------------------------+-------+-------++-------
Melee: Dagger            |    43 |    31 ||    74
       Punch             |       |     2 ||     2
 Fire: Hunting sling     |       |     4 ||     4
Throw: Dart              |     7 |    13 ||    20
       Stone             |       |     3 ||     3
 Stab: Sleeping          |    15 |     2 ||    17
Armor: Robe              |     8 |     4 ||    12
Dodge: Dodged            |    22 |    15 ||    37
